 Dungeon Crawl Stone Soup version 0.31.0-9-g3a7656b989 (webtiles) character file.

Game seed: 6979610678529547111

26 qw the Shooter (level 2, -3/16 HPs)
             Began as a Deep Elf Hunter on Feb 2, 2024.
             Slain by a ribbon worm (6 damage)
             ... on level 2 of the Dungeon.
             The game lasted 00:00:02 (697 turns).

qw the Shooter (Deep Elf Hunter)                     Turns: 697, Time: 00:00:02

Health: -3/16      AC:  5    Str:  8    XL:     2   Next: 89%
Magic:  4/4        EV: 10    Int: 13    God:
Gold:   40         SH:  0    Dex: 18    Spells: 1/1 levels left

rFire   . . .        a - +1 shortbow
rCold   . . .        (shield currently unavailable)
rNeg    . . .        g - +0 ring mail
rPois   .            (no helmet)
rElec   .            (no cloak)
rCorr   .            (no gloves)
SInv    .            (no boots)
Will    .....        (no amulet)
Stlth   +            (no ring)
HPRegen 0.22/turn    (no ring)
MPRegen 0.09/turn

%: no passive effects
@: no status effects
A: no striking features
a: no special abilities


You were on level 2 of the Dungeon.
You visited 1 branch of the dungeon, and saw 2 of its levels.

You collected 40 gold pieces.


   Skills:
 - Level 1.5 Fighting
 + Level 6.6 Ranged Weapons
 - Level 2.4 Dodging
 - Level 1.2 Stealth


You had one spell level left.
You didn't know any spells.
Your spell library was empty.

Inventory:

Hand Weapons
 a - a +1 shortbow (weapon)
Armour
 g - a +0 ring mail (worn)
Scrolls
 b - a scroll of teleportation {unknown}
Potions
 d - a potion of ambrosia {unknown}
 e - 2 potions of haste
 h - a potion of invisibility {unknown}

Dungeon Overview and Level Annotations

Branches:
Dungeon (2/15)

Altars:

Annotations:
D:2 Natasha


Message History

You shoot an arrow. The arrow hits the goblin.
You kill the goblin!
You now have 33 gold pieces (gained 8).
You see here a +0 dagger.
You now have 40 gold pieces (gained 7).
Found a quarterstaff.
Found 4 stones.
A bat comes into view.
You shoot an arrow. The arrow closely misses the bat.
You shoot an arrow. The arrow hits the bat!
You kill the bat!
Natasha, Servant of Life and Death comes into view.
She is carrying a wand of flame.
You shoot an arrow. The arrow hits Natasha!
Natasha hisses angrily.
Natasha is heavily wounded.
A ribbon worm comes into view.
You shoot an arrow. The arrow hits the ribbon worm.
The ribbon worm is lightly wounded.
Natasha casts a spell at you. You resist with significant effort.
You shoot an arrow. The arrow hits the ribbon worm!
The ribbon worm is heavily wounded.
Natasha casts a spell at you. You resist with significant effort.
You shoot an arrow. The arrow hits the ribbon worm.
The ribbon worm is severely wounded.
The ribbon worm barely misses you.
You shoot an arrow. The arrow hits the ribbon worm.
The ribbon worm is almost dead.
The ribbon worm expels a string of sticky webbing.
The stream of webbing hits you but does no damage.
You are caught in a web!
A bat comes into view.
Natasha wildly gestures.
Natasha shimmers violently.
Natasha zaps a wand.
The puff of flame hits you!
Ouch! That really hurt!
The web tears apart.
The ribbon worm bites you.
You die...

#........#
#...#.#####
##..#..#...#
##..(#.##...#
.............#
##..###.##...#
#.. #.##...#
#.##...#
..####@# .##
#..w..# ##
.h..##.#
...##.# #
..... #.# ....
... ... #.#
##. #.#


You could see a ribbon worm (catching breath) and Natasha.

Vanquished Creatures
  3 endoplasms (D:1)
  2 giant cockroaches (D:1)
  2 goblins
  A hobgoblin (D:1)
  2 quokkas
  A ball python (D:1)
  2 bats
  6 frilled lizards (D:1)
  4 kobolds (D:1)
  2 rats (D:1)
25 creatures vanquished.

Notes
Turn   | Place    | Note
-------+----------+-------------------------------------------
     0 | D:1      | qw the Deep Elf Hunter began the quest for the Orb.
     0 | D:1      | Reached XP level 1. HP: 12/12 MP: 3/3
     0 | D:1      | 0 ||| qw: Version: 0.3-a-155-g5e7d8dd
     0 | D:1      | 0 ||| qw: Game counter: 2449
     0 | D:1      | 0 ||| qw: Melee chars always use a shield: true
     0 | D:1      | 0 ||| qw: God list: Okawaru
     0 | D:1      | 0 ||| qw: Allow faded altars: false
     0 | D:1      | 0 ||| qw: Do Orc after clearing Dungeon:15 true
     0 | D:1      | 0 ||| qw: Do second Lair branch before Depths: true
     0 | D:1      | 0 ||| qw: Lair rune preference: random
     0 | D:1      | 0 ||| qw: Goals: Normal
     0 | D:1      | 0 ||| PLANNING D:1-11
   130 | D:1      | Reached skill level 6 in Ranged Weapons
   130 | D:1      | Reached XP level 2. HP: 16/16 MP: 4/4
   249 | D:1      | Found a faded altar of an unknown god.
   559 | D:1      | 559 ||| UPGRADING to +0 ring mail.
   569 | D:1      | 569 ||| DROPPING +0 leather armour.
   570 | D:1      | 570 ||| READING scroll labelled FEPHASH SYOG.
   571 | D:1      | 571 ||| READING scroll labelled SOCKIJAIPO.
   571 | D:1      | 571 ||| ENCHANTING +0 shortbow.
   572 | D:1      | 572 ||| DRINKING 3 clear potions.
   573 | D:1      | 573 ||| DROPPING scroll of butterflies.
   691 | D:2      | Noticed Natasha
   696 | D:2      | HP: 3/16 [Natasha/puff of flame (13)]
   697 | D:2      | Slain by a ribbon worm

Levels and vault maps discovered:
D:1:      minmay_arrival_five_plusses, layout_loops_ring,
          chequers_ecumenical_altar_simple_redux, minmay_lizard_pond
D:2:      layout_rooms, uniq_natasha

Skill      XL: |  1 |
---------------+----+-----
Ranged Weapons | 6 |  6.6
Fighting       | |  1.5
Dodging        | |  2.4
Stealth        | |  1.2

Action                     || total
---------------------------++-------
   Fire: Shortbow          ||    56
    Use: Scroll            ||     2
         Potion            ||     1
 Armour: Leather armour    ||     3
         Ring mail         ||     2
  Dodge: Dodged            ||     8

Table legend:
 A = Non-vault XP
 B = Vault XP
 C = Vault XP percentage of total XP
 D = Non-vault monster count
 E = Vault monster count
 F = Vault count percentage of total count
                 A         B        C        D         E       F
            +---------+---------+-------+---------+---------+-------
      Total |      33 |       5 |  13.2 |      20 |       5 |  20.0
            +---------+---------+-------+---------+---------+-------
        D:1 |      27 |       5 |  15.6 |      17 |       5 |  22.7
        D:2 |       6 |       0 |   0.0 |       3 |       0 |   0.0
            +---------+---------+-------+---------+---------+-------
